 Dungeon Crawl Stone Soup version 0.31-a0-631-g285b096dc4 (webtiles) character file.

Game seed: 14821132420738580100

217 vineage the Trooper (level 5, -7/35 HPs)
             Began as a Gargoyle Gladiator on Aug 26, 2023.
             Mangled by an ogre
             ... wielding a +0 giant spiked club
              (23 damage)
             ... on level 4 of the Dungeon.
             The game lasted 00:03:22 (2563 turns).

vineage the Trooper (Gargoyle Gladiator)            Turns: 2563, Time: 00:03:23

Health: -7/35      AC: 16    Str: 20    XL:     5   Next: 94%
Magic:  5/5        EV:  8    Int:  8    God:
Gold:   144        SH:  0    Dex: 11    Spells: 4/4 levels left

rFire   + . .        a - +0 trident
rCold   . . .        (no shield)
rNeg    + . .        k - +0 chain mail
rPois   ∞            m - +2 hat
rElec   +            c - +0 cloak
rCorr   .            i - +0 pair of gloves
SInv    .            (no boots)
Will    .....        (no amulet) Stlth
                     l - ring of protection from fire
HPRegen 0.25/turn    (no ring)
MPRegen 0.09/turn

%: no passive effects
@: mighty
A: sickness immunity, AC +4, negative energy resistance 1, electricity
resistance, torment resistance 1, petrification resistance
a: no special abilities


You were on level 4 of the Dungeon.
You visited 1 branch of the dungeon, and saw 4 of its levels.

You collected 144 gold pieces.

Inventory:

Hand Weapons
 a - a +0 trident (weapon)
Missiles
 d - 3 throwing nets (quivered)
 e - a javelin
Armour
 c - a +0 cloak (worn)
 i - a +0 pair of gloves (worn)
 k - a +0 chain mail (worn)
 m - a +2 hat (worn)
Jewellery
 l - a ring of protection from fire (left hand)
 n - a +6 ring of strength
Scrolls
 b - a scroll of brand weapon
 f - a scroll of amnesia
 o - a scroll of immolation
Potions
 g - 2 potions of attraction
 j - a potion of might


   Skills:
 * Level 5.5 Fighting
 + Level 4.0 Polearms
 - Level 1.7 Throwing
 - Level 2.4 Dodging


You had 4 spell levels left.
You didn't know any spells.
Your spell library contained the following spells:

 Spells                   Type           Power      Damage    Failure   Level
 Slow                     Hex            0%         N/A       98%         1
 Blink                    Tloc           0%         N/A       99%         2
 Lesser Beckoning         Tloc           0%         N/A       99%         2
 Momentum Strike          Conj/Tloc      0%         3d8       99%         2
 Confusing Touch          Hex            0%         N/A       100%        3
 Ignite Poison            Fire/Tmut/Pois 0%         N/A       100%        3
 Vampiric Draining        Necr           0%         2d6       100%        3
 Freezing Cloud           Conj/Ice/Air   0%         6-21      100%        5
 Cigotuvi's Dreadful Rot  Necr/Pois/Air  Unusable   N/A       N/A         2

Dungeon Overview and Level Annotations

Branches:
Dungeon (4/15)
 Temple: D:4-7

Altars:

Shops:
D:1 ?   D:3 =

Annotations:
D:4 2 transporters


Innate Abilities, Weirdness & Mutations

You are immune to sickness and miasma.
Your stone body is resilient. (AC +4)
You are immune to poison.
You resist negative energy. (rN+)
You are resistant to electric shocks. (rElec)
You are resistant to unholy torment.
You are immune to petrification.


Message History

No target in view!
o - a scroll labelled QASYORHAQO
As you read the scroll of identify, it crumbles to dust.
o - a scroll of immolation An ogre comes into view.
It is wielding a +0 giant spiked club.
Found 14 gold pieces.
The ogre shouts!
An ogre is nearby!
You feel very mighty all of a sudden.
You puncture the ogre!
The ogre is moderately wounded.
The ogre hits you with a +0 giant spiked club!!
Ouch! That really hurt!
You are too injured to fight recklessly!
You are too injured to fight recklessly!
You are too injured to fight recklessly!
You are too injured to fight recklessly!
You are too injured to fight recklessly!
You are too injured to fight recklessly!
You are too injured to fight recklessly!
You are too injured to fight recklessly!
You are too injured to fight recklessly!
You are too injured to fight recklessly!
You are too injured to fight recklessly!
You are too injured to fight recklessly!
You are too injured to fight recklessly!
You completely miss the ogre.
The ogre is moderately wounded.
You completely miss the ogre.
The ogre is moderately wounded.
The ogre barely misses you.
A scorpion comes into view.
You hit the ogre.
The ogre is heavily wounded.
The ogre barely misses you.
You barely miss the ogre.
The ogre is heavily wounded.
The ogre hits you with a +0 giant spiked club!!
Ouch! That really hurt!
You die...

...# ...# #.#
##..s# ....# #.#
.....# ...# #.#
#....# ...# #.#
#..$.# ###..#
#.####O...#
#.#..#.##.....@..)#
©#..#.#..####....#
##..#............#
#...###..####..#.#
##........# #..#.#
#....#..<## #..# #
.#©.........# #..#
.#..........# ...#
###........# #.##


You could see an ogre and a scorpion.

Vanquished Creatures
  Crazy Yiuf (D:3)
  Jessica (D:3)
  Robin (D:2)
  5 adders
  3 worms (D:2)
  5 dart slugs
  5 orcs
  2 endoplasms (D:1)
  3 giant cockroaches
  10 goblins
  8 hobgoblins
  3 jackals (D:3)
  6 kobolds
  6 quokkas
  7 ball pythons
  7 bats
  2 frilled lizards (D:2)
  6 rats
81 creatures vanquished.

Notes
Turn   | Place    | Note
-------+----------+-------------------------------------------
     0 | D:1      | vineage the Gargoyle Gladiator began the quest for the Orb.
     0 | D:1      | Reached XP level 1. HP: 12/12 MP: 1/1
   168 | D:1      | Found Jyleriog's Magic Scroll Shop.
   209 | D:1      | Reached XP level 2. HP: 18/18 MP: 2/2
   359 | D:1      | Reached skill level 3 in Fighting
   512 | D:1      | Found a faded altar of an unknown god.
  1085 | D:2      | Reached XP level 3. HP: 19/23 MP: 3/3
  1184 | D:2      | Noticed Robin
  1283 | D:1      | Reached XP level 4. HP: 29/29 MP: 4/4
  1286 | D:2      | Reached skill level 4 in Fighting
  1291 | D:2      | Killed Robin
  1597 | D:2      | Identified the +7 sling "Apheyd" {elec, Contam Fragile Fly
                  | Will++}
  1943 | D:3      | Reached XP level 5. HP: 34/34 MP: 5/5
  1949 | D:3      | Noticed Jessica
  1966 | D:3      | Killed Jessica
  2034 | D:3      | Reached skill level 5 in Fighting
  2124 | D:3      | Found a runed translucent door.
  2125 | D:3      | Noticed Crazy Yiuf
  2138 | D:3      | Killed Crazy Yiuf
  2338 | D:3      | Found Qoones's Jewellery Boutique.
  2539 | D:4      | Found a transporter.
  2539 | D:4      | Found a transporter.
  2555 | D:4      | Noticed an ogre
  2563 | D:4      | Mangled by an ogre

Illustrated notes

Levels and vault maps discovered:
D:1:      roderic_chinese_lattice_arrival, layout_basic,
          shapermc_ecumenical_altar_ellora, serial_shops, shop,
          nicolae_eternal_life
D:2:      layout_basic, uniq_robin
D:3:      layout_rooms, serial_shops, shop, uniq_jessica,
          uniq_crazy_yiuf_cottage
D:4:      layout_loops_ring, mainiacjoe_overflow_alcove_2,
          gammafunk_ghost_abyssal_escape, enter_ossuary_1,
          hangedman_decor_clover_reticule

Skill      XL: |  1  2  3  4  5 |
---------------+----------------+-----
Fighting       | 3 4 5 |  5.5
Polearms       | 3 4 |  4.0
Throwing       | |  1.7
Dodging        | |  2.4

Action                     |  1- 3 |  4- 6 || total
---------------------------+-------+-------++-------
  Melee: Trident           |   112 |   157 ||   269
    Use: Scroll            |       |     6 ||     6
         Potion            |       |     1 ||     1
   Stab: Sleeping          |     2 |       ||     2
         Distracted        |       |     1 ||     1
 Armour: Leather armour    |    48 |    16 ||    64
         Chain mail        |       |    76 ||    76
  Dodge: Dodged            |    89 |    86 ||   175

Table legend: (Time is in decaauts)
 A = Elapsed time spent in this place.
 B = Non-inter-level travel time spent in this place.
 C = Inter-level travel time spent in this place.
 D = Time resting spent in this place.
 E = Time spent auto-exploring this place.
 F = Levels seen in this place.
 G = Mean time per level.
                   A        B        C        D        E       F      G
               +--------+--------+--------+--------+--------+-----+--------+
         Total |   2599 |   2487 |    112 |     62 |   1856 |   4 |  649.8 |
       Dungeon |   2599 |   2487 |    112 |     62 |   1856 |   4 |  649.8 |
               +--------+--------+--------+--------+--------+-----+--------+

Top non-repeatable levels by time:
     D:1: 1164 daAuts
     D:2: 805 daAuts
     D:3: 604 daAuts
     D:4: 25 daAuts
